 Dungeon Crawl Stone Soup version 0.18.1-50-g88ac8fd (webtiles) character file.

2108 KarmaPolice the Spear-Bearer (level 9, -3/74 HPs)
             Began as a Merfolk Gladiator on Oct 1, 2016.
             Was an Initiate of Qazlal.
             Slain by a giant frog (4 damage)
             ... on level 7 of the Dungeon.
             The game lasted 00:17:40 (9755 turns).

KarmaPolice the Spear-Bearer (Merfolk Gladiator)    Turns: 9755, Time: 00:17:41

Health: -3/74      AC:  7    Str: 18    XL:     9   Next: 28%
Magic:  10/10      EV: 17    Int:  8    God:    Qazlal [......]
Gold:   291        SH:  0    Dex: 14    Spells: 0 memorised, 8 levels left

rFire  . . .     SeeInvis .     a - +0 trident
rCold  . . .     Gourm    .     b - +0 leather armour
rNeg   . . .     Faith    .     (no shield)
rPois  .         Spirit   .     c - +0 helmet
rElec  .         Dismiss  .     j - +0 cloak
rCorr  .         Reflect  .     o - +0 pair of gloves
SustAt .         Harm     .     G - +0 pair of boots
MR     .....                    (no amulet)
Stlth  +.........               (no ring)
                                (no ring)

@: not resistant to hostile enchantments, very unstealthy
A: change form in water, swift swim
a: Renounce Religion


You were on level 7 of the Dungeon.
You worshipped Qazlal.
Qazlal was noncommittal.
You were very hungry.

You visited 2 branches of the dungeon, and saw 8 of its levels.

You collected 291 gold pieces.

Inventory:

Hand Weapons
 a - a +0 trident (weapon)
 p - a +0 blowgun
Missiles
 d - 5 throwing nets (quivered)
Armour
 b - a +0 leather armour (worn)
 c - a +0 helmet (worn)
 j - a +0 cloak (worn)
 o - a +0 pair of gloves (worn)
 s - a +1 leather armour of cold resistance
 G - a +0 pair of boots (worn)
Jewellery
 J - a +5 ring of strength {unknown}
Wands
 u - a wand of polymorph (11/24)
 A - a wand of polymorph (8/24)
 E - a wand of flame (18/48)
Scrolls
 e - a scroll of random uselessness {unknown}
 h - a scroll of identify
 i - a scroll of magic mapping {unknown}
 l - a scroll of teleportation {unknown}
 m - 2 scrolls of remove curse
 r - a scroll of fear {unknown}
 x - a scroll of amnesia {unknown}
 y - a scroll of immolation {unknown}
 C - 2 scrolls of enchant weapon {unknown}
 H - a scroll of noise {unknown}
Potions
 k - 2 potions of curing
 v - a potion of degeneration {unknown}
 w - 2 potions of brilliance {unknown}
 D - a potion of magic {unknown}
 F - a potion of mutation {unknown}
 I - a potion of resistance {unknown}
Books
 B - a book of Unlife

   Spells                             Type                      Level
   a - Recall                         Summoning/Translocation      3
   b - Animate Dead                   Necromancy                   4
   c - Control Undead                 Necromancy                   4
   d - Cigotuvi's Embrace             Necromancy                   5
   e - Death Channel                  Necromancy                   6
   f - Simulacrum                     Ice/Necromancy               6
Comestibles
 f - 5 bread rations
 g - 4 beef jerkies
 n - 3 meat rations
 q - 4 fruits
 t - a royal jelly
 z - 2 slices of pizza


   Skills:
 + Level 7.9 Fighting
 + Level 10.4 Polearms
 - Level 2.0 Throwing
 + Level 9.4 Dodging
 + Level 2.5 Invocations


You had 8 spell levels left.
You didn't know any spells.

Dungeon Overview and Level Annotations

Branches:
Dungeon (7/15)             Temple (1/1) D:6

Altars:
Ashenzari
Cheibriados
Dithmenos
Elyvilon
Fedhas
Gozag
Kikubaaqudgha
Makhleb
Nemelex Xobeh
Okawaru
Pakellas
Qazlal
Sif Muna
Trog
Vehumet
Xom
Yredelemnul
Zin
The Shining One


Message History

The centaur is almost dead.
The centaur shoots an arrow.
The arrow hits you. The centaur completely misses you. x2
You puncture the centaur!
You kill the centaur!
Qazlal accepts your kill.
The centaur shoots an arrow.
The arrow hits you!
* * * LOW HITPOINT WARNING * * *
A giant frog comes into view.
The giant frog croaks.
The centaur shoots an arrow.
The arrow hits you!
* * * LOW HITPOINT WARNING * * *
You see here 2 arrows.
The giant frog barely misses you.
The centaur drinks a potion.
The centaur seems to grow stronger.
The giant frog misses you.
The centaur shoots an arrow.
The arrow hits you!
* * * LOW HITPOINT WARNING * * *
You see here an arrow.
The giant frog hits you.
You die...

....##....
#....#...
.........#....
##...####.
.........# ...
##).### #.
........# ...#
##..## #.
........#.
...# ##..## #
..........
#...#####(.##
..........
#..##..(##
.........#
#c.F...##
..........
..#@F.(##
..#....#..
##((.#
..#...## .
#(..## .......
#()..# >.
.....
#.......#
#.#..(..# #.
.....## #.
.....## ..
###...#


You could see 2 giant frogs and a centaur.

Vanquished Creatures
  Menkaure (D:6)
  Duvessa (D:7)
  An ice beast (D:5)
  2 sky beasts
  2 phantoms
  The ghost of jerryfan the Conjurer, an amateur DrCj (D:4)
  A centaur (D:7)
  A water moccasin zombie (D:6)
  A wyvern zombie (D:7)
  Dowan (D:7)
  A wight (D:6)
  A crimson imp (D:6)
  A giant frog zombie (D:6)
  A centaur zombie (D:5)
  A quasit (D:7)
  3 giant frog skeletons
  A hound (D:6)
  2 jellies (D:6)
  5 orc priests
  A gnoll shaman (D:4)
  4 orc wizards
  An iguana (D:3)
  5 worker ants
  A hound zombie (D:6)
  2 hound skeletons
  9 adders
  7 gnolls
  A shadow imp (D:4)
  An adder zombie (D:7)
  2 oozes
  3 worms
  3 dart slugs
  4 giant geckos
  22 orcs
  2 ball pythons (D:1)
  6 giant cockroaches
  5 goblins
  8 hobgoblins
  15 jackals
  6 kobolds
  A quokka (D:3)
  6 bats
  A giant gecko skeleton (D:6)
  A giant newt (D:4)
  10 rats
155 creatures vanquished.

Vanquished Creatures (others)
  An adder (D:6)
  A giant gecko skeleton (D:6)
2 creatures vanquished.

Grand Total: 157 creatures vanquished

Notes
Turn   | Place    | Note
--------------------------------------------------------------
     0 | D:1      | KarmaPolice the Merfolk Gladiator began the quest for the Orb.
     0 | D:1      | Reached XP level 1. HP: 16/16 MP: 1/1
   288 | D:1      | Reached XP level 2. HP: 21/23 MP: 2/2
   819 | D:1      | Reached XP level 3. HP: 23/28 MP: 3/3
  1173 | D:2      | Reached skill level 5 in Polearms
  1208 | D:2      | Found a blossoming altar of Fedhas.
  1258 | D:2      | Found a faded altar to an unknown god.
  1629 | D:2      | Reached XP level 4. HP: 18/35 MP: 4/4
  1856 | D:3      | Reached skill level 5 in Dodging
  2071 | D:3      | Found a bloodstained altar of Trog.
  2568 | D:3      | Reached XP level 5. HP: 33/42 MP: 5/5
  2772 | D:3      | Found a deep blue altar of Sif Muna.
  2775 | D:3      | Found a white marble altar of Elyvilon.
  2778 | D:3      | Found a shadowy altar of Dithmenos.
  3107 | D:4      | Reached skill level 6 in Polearms
  3147 | D:4      | Reached XP level 6. HP: 20/49 MP: 6/6
  3432 | D:4      | Found an iron altar of Okawaru.
  3489 | D:4      | Noticed jerryfan's ghost (amateur DrCj)
  3517 | D:4      | Killed jerryfan's ghost
  3985 | D:4      | Reached skill level 5 in Fighting
  3985 | D:4      | Reached skill level 7 in Polearms
  4125 | D:4      | Reached XP level 7. HP: 56/56 MP: 7/7
  4835 | D:5      | Entered Level 5 of the Dungeon
  4837 | D:5      | Found a glowing silver altar of Zin.
  4861 | D:5      | Reached skill level 8 in Polearms
  5346 | D:5      | Reached XP level 8. HP: 64/64 MP: 8/8
  6148 | D:6      | Noticed Menkaure
  6476 | D:6      | Found a sparkling altar of Nemelex Xobeh.
  6637 | D:5      | Reached skill level 9 in Polearms
  7073 | D:6      | Noticed a troll
  8009 | D:6      | Found a staircase to the Ecumenical Temple.
  8018 | Temple   | Entered the Ecumenical Temple
  8085 | Temple   | Became a worshipper of Qazlal Stormbringer
  8415 | D:6      | Killed Menkaure
  8415 | D:6      | Reached skill level 10 in Polearms
  8629 | D:6      | Reached skill level 1 in Invocations
  8629 | D:6      | Reached XP level 9. HP: 64/72 MP: 9/9
  8768 | D:7      | Noticed Dowan
  8791 | D:7      | Killed Dowan
  8793 | D:7      | Noticed Duvessa
  8817 | D:7      | Killed Duvessa
  9754 | D:7      | HP: 1/74 [centaur/arrow (8)]
  9755 | D:7      | Slain by a giant frog

Skill      XL: |  1  2  3  4  5  6  7  8  9 |
---------------+----------------------------+-----
Fighting       | 3 4 5 6 7 |  7.9
Polearms       | 5 6 7 8 10 | 10.4
Dodging        | 5 6 7 9 |  9.4
Invocations    | 1 2 |  2.5
Throwing       | |  2.0

Action                   |  1- 3 |  4- 6 |  7- 9 || total
-------------------------+-------+-------+-------++-------
Melee: Trident           |   135 |   227 |   498 ||   860
  Use: Potion            |       |       |     3 ||     3
       Scroll            |       |       |     1 ||     1
 Stab: Sleeping          |     2 |     1 |     2 ||     5
  Eat: Chunk             |     2 |     7 |    15 ||    24
       Fruit             |       |       |     4 ||     4
Armor: Leather armour    |    28 |    42 |   102 ||   172
Dodge: Dodged            |    80 |   111 |   369 ||   560
